 Dungeon Sprint DCSS version 0.25.1-8-g42b30a86e7 (webtiles) character file.

Game seed: 15990268391395279227

8944 gruber the Tortoise (level 11, -3/88 HPs)
             Began as a Deep Dwarf Fighter on Dec 15, 2020.
             Was the Champion of Makhleb.
             Killed from afar by an orc sorcerer (28 damage)
             ... with a bolt of negative energy
             ... in the Dungeon (Sprint IX: "|||||||||||||||||||||||||||||").
             The game lasted 00:03:23 (802 turns).

gruber the Tortoise (Deep Dwarf Fighter)             Turns: 802, Time: 00:03:23

Health: -3/88      AC: 17    Str: 27    XL:     11   Next: 16%
Magic:  10/10      EV: 17    Int:  8    God:    Makhleb [******]
Gold:   655        SH: 14    Dex: 15    Spells: 10/10 levels left

rFire    . . .     SeeInvis .   u - +1 broad axe (freeze)
rCold    . . .     Gourm    .   c - +0 kite shield
rNeg     . . .     Faith    .   r - +1 chain mail
rPois    .         Spirit   .   t - +0 helmet
rElec    .         Reflect  .   (no cloak)
rCorr    .         Harm     .   s - +0 pair of gloves
MR       +....     NoTele   +   (no boots)
Stlth    ..........             (no amulet)
HPRegen  0.00/turn              p - +3 ring of dexterity
MPRegen  0.12/turn              q - +3 ring of strength

@: non-regenerating, drained
A: damage resistance, heal wounds, sense surroundings 2, no regeneration
a: Heal Wounds, Minor Destruction, Lesser Servant of Makhleb, Major Destruction,
Greater Servant of Makhleb, Renounce Religion


You were in the Dungeon.
You worshipped Makhleb.
Makhleb was exalted by your worship.
You were not hungry.

You visited 1 branch You collected 655 gold pieces.

Inventory:

Hand Weapons
 a - a +0 war axe
 u - a +1 broad axe of freezing (weapon)
Armour
 c - a +0 kite shield (worn)
 r - a +1 chain mail (worn)
 s - a +0 pair of gloves (worn)
 t - a +0 helmet (worn)
Jewellery
 p - a +3 ring of dexterity (left hand)
 q - a +3 ring of strength (right hand)
Wands
 o - a wand of acid (5)
Scrolls
 k - 3 scrolls of blinking
 m - 3 scrolls of remove curse
 n - 2 scrolls of amnesia
 w - 2 scrolls of identify
 x - a scroll of fog
 y - 2 scrolls of enchant armour
Potions
 d - a potion of might
 e - 8 potions of curing
 g - 5 potions of heal wounds
 h - 2 potions of haste
 i - 4 potions of magic
 j - a potion of berserk rage
 l - a potion of invisibility
 v - a potion of stabbing
 z - a potion of flight
 A - a potion of ambrosia
Comestibles
 b - 10 chunks of flesh
 f - 11 rations


   Skills:
 - Level 2.6(2.0) Fighting
 * Level 14.7(13.9) Axes
 - Level 15.4(14.6) Armour
 - Level 13.5(12.7) Dodging
 - Level 15.2(14.4) Shields


You had 10 spell levels left.
You didn't know any spells.
Your spell library was empty.

Dungeon Overview and Level Annotations

Branches:
Dungeon (1/1)

Altars:
Cheibriados
Dithmenos
Elyvilon
Fedhas
Gozag
Hepliaklqana
Kikubaaqudgha
Makhleb
Nemelex Xobeh
Okawaru
Qazlal
Ru
Sif Muna
Trog
Uskayaw
Vehumet
Wu Jian
Xom
Yredelemnul
Zin
The Shining One
Beogh
Jiyva
Lugonu


Innate Abilities, Weirdness & Mutations

You are resistant to damage.
You can heal yourself by infusing magical energy.
You passively map the area around you.
You do not regenerate.


Message History

The orc warrior is almost dead.
The orc sorcerer wildly gestures.
The orc sorcerer shimmers violently.
The orc sorcerer gestures wildly while chanting.
The orc warrior hits you with a +0 morningstar!!
* * * LOW HITPOINT WARNING * * *
You hit the orc warrior. You freeze the orc warrior.
You kill the orc warrior!
Makhleb accepts your kill.
You feel better.
The orc sorcerer hits you but does no damage.
Items here: $ ( ))) [[ † Your chain mail prevents you from hitting the orc sorcerer.
The orc sorcerer gestures at you while chanting.
You resist with almost no effort.
You slice the orc sorcerer!! You freeze the orc sorcerer.
The orc sorcerer is severely wounded.
The orc sorcerer gestures at you while chanting.
The bolt of negative energy hits you!!
You feel drained.
You die...

▓_▓.▓†▓.▓.▓
*, *
▓_▓.▓÷▓.▓(▓
,* * *,*
▓_▓.▓.▓.▓.▓ *
* , ,
▓_▓.▓÷▓.▓.▓
,* *
▓_▓.▓.▓.▓.▓
*, , + *
▓_▓.▓.▓.▓.▓ ,
▓_▓.▓.▓.▓)▓ *
*
▓_▓.▓÷▓.▓)▓,*
*, *
▓_▓.▓†▓.▓@▓ ,
,*
▓_▓.▓.▓.▓o▓,
,*
▓_▓.▓'▓.▓4▓ *
, ,
▓_▓.▓†▓.▓o▓ ,
, *
▓_▓.▓.▓.▓o▓ *
▓_▓.▓.▓.▓o▓
,* *
▓_▓.▓.▓.▓o▓
*,*+ , ,
▓_▓.▓.▓.▓o▓
,* ,
▓_▓.▓.▓.▓ * ,
,


You could see an orc knight (strong), an ice devil (summoned), 4 orc sorcerers
and an orc warrior (strong).

Vanquished Creatures
  A hydra (D)
  A death knight (D)
  An unseen horror (D)
  2 lindwurms (D)
  3 orc knights (D)
  An ugly thing (D)
  2 elephants (D)
  Psyche (D)
  A spiny frog (D)
  A rime drake (D)
  A troll (D)
  A tyrant leech (D)
  A blink frog (D)
  A wyvern (D)
  2 yaks (D)
  A basilisk (D)
  2 water moccasins (D)
  3 porcupines (D)
  4 orc warriors (D)
  A black bear (D)
  An eye of draining (D)
  A centaur (D)
  6 bullfrogs (D)
  A scorpion (D)
  A hound (D)
  An orc priest (D)
  3 orc wizards (D)
  A worker ant (D)
  5 worms (D)
  A leopard gecko (D)
  7 orcs (D)
  A bat zombie (D)
  2 goblins (D)
  2 bats (D)
  A frilled lizard (D)
  A jackal zombie (D)
  A rat (D)
67 creatures vanquished.

Notes
Turn   | Place    | Note
-------+----------+-------------------------------------------
     0 | D        | gruber the Deep Dwarf Fighter began the quest for the Orb.
     0 | D        | Reached XP level 1. HP: 20/20 MP: 1/1
    29 | D        | Noticed a centaur
    32 | D        | Killed a centaur
    32 | D        | Reached XP level 2. HP: 12/27 MP: 2/2
    32 | D        | Reached XP level 3. HP: 14/33 MP: 3/3
    32 | D        | Reached XP level 4. HP: 18/40 MP: 4/4
    49 | D        | Found a roughly hewn altar of Beogh.
    49 | D        | Found a snail-covered altar of Cheibriados.
    49 | D        | Found a shadowy altar of Dithmenos.
    49 | D        | Found a white marble altar of Elyvilon.
    49 | D        | Found a blossoming altar of Fedhas.
    49 | D        | Found an opulent altar of Gozag.
    50 | D        | Found a hazy altar of Hepliaklqana.
    51 | D        | Found a viscous altar of Jiyva.
    52 | D        | Found an ancient bone altar of Kikubaaqudgha.
    53 | D        | Found a corrupted altar of Lugonu.
    54 | D        | Found a burning altar of Makhleb.
    55 | D        | Found a sparkling altar of Nemelex Xobeh.
    56 | D        | Found an iron altar of Okawaru.
    57 | D        | Found a stormy altar of Qazlal.
    58 | D        | Found a sacrificial altar of Ru.
    59 | D        | Found a shimmering blue altar of Sif Muna.
    60 | D        | Found a bloodstained altar of Trog.
    61 | D        | Found a hide-covered altar of Uskayaw.
    62 | D        | Became a worshipper of Makhleb the Destroyer
    63 | D        | Found a radiant altar of Vehumet.
    64 | D        | Found an ornate altar of the Wu Jian Council.
    65 | D        | Found a shimmering altar of Xom.
    66 | D        | Found a basalt altar of Yredelemnul.
    67 | D        | Found a glowing silver altar of Zin.
    68 | D        | Found a glowing golden altar of the Shining One.
   132 | D        | Noticed a black bear
   132 | D        | Noticed a bullfrog
   132 | D        | Noticed an eye of draining
   133 | D        | Reached skill level 10 in Axes
   141 | D        | Killed a black bear
   141 | D        | Reached XP level 5. HP: 19/46 MP: 0/5
   146 | D        | Reached * piety under Makhleb
   146 | D        | Reached skill level 1 in Dodging
   146 | D        | Reached XP level 6. HP: 20/55 MP: 1/6
   156 | D        | Killed an unseen horror
   156 | D        | Reached skill level 5 in Dodging
   156 | D        | Reached XP level 7. HP: 13/61 MP: 1/7
   159 | D        | Reached ** piety under Makhleb
   159 | D        | Reached skill level 10 in Armour
   213 | D        | Noticed a seven-headed hydra
   213 | D        | Noticed a white ugly thing
   213 | D        | Noticed a wyvern
   213 | D        | Noticed a death knight
   213 | D        | Noticed a troll
   219 | D        | Killed a seven-headed hydra
   219 | D        | Reached XP level 8. HP: 43/68 MP: 7/7
   221 | D        | Killed a white ugly thing
   221 | D        | Gained mutation: You passively map the area around you.
                  | [Deep Dwarf growth]
   221 | D        | Reached XP level 9. HP: 68/74 MP: 8/8
   224 | D        | Reached *** piety under Makhleb
   239 | D        | Killed a death knight
   249 | D        | Killed a troll
   391 | D        | Reached **** piety under Makhleb
   409 | D        | Noticed a spiny frog
   418 | D        | Killed a spiny frog
   418 | D        | Reached XP level 10. HP: 81/81 MP: 9/9
   422 | D        | Reached ***** piety under Makhleb
   441 | D        | Noticed an elephant
   449 | D        | Reached skill level 15 in Armour
   460 | D        | Killed an elephant
   460 | D        | Reached skill level 15 in Shields
   466 | D        | Noticed an elephant
   487 | D        | Reached skill level 10 in Dodging
   500 | D        | Killed an elephant
   516 | D        | Noticed a lindwurm
   516 | D        | Noticed a lindwurm
   525 | D        | Killed a lindwurm
   525 | D        | Reached ****** piety under Makhleb
   531 | D        | Killed a lindwurm
   648 | D        | Noticed Psyche
   662 | D        | Killed Psyche
   757 | D        | Noticed an orc knight
   757 | D        | Noticed an orc knight
   757 | D        | Noticed an orc knight
   757 | D        | Noticed an orc sorcerer
   762 | D        | Noticed an orc sorcerer
   774 | D        | Killed an orc knight
   774 | D        | Reached XP level 11. HP: 76/88 MP: 10/10
   775 | D        | Noticed an orc sorcerer
   787 | D        | Noticed an orc sorcerer
   787 | D        | Killed an orc knight
   788 | D        | Noticed an orc knight
   797 | D        | Killed an orc knight
   802 | D        | Killed from afar by an orc sorcerer

Illustrated notes

Levels and vault maps discovered:
D:        linesprint [early_d, line_temple, items_1, d_10, items_2, lair_1,
          lair_end, items_3, orc_1, orc_end, items_4, d_15, swamp_1, shoals_1,
          snake_1, spider_1, d_20, vaults_1, items_5, swamp_end, shoals_end,
          snake_end, spider_end, vaults_end, d_27, items_6, zot_1, zot_end,
          crypt_end, forest_end, elf_end, slime_end, tomb_end, abyss_end,
          pan_hell_end]

Skill      XL: |  1  2  3  4  5  6  7  8  9 10 11 |
---------------+----------------------------------+-----
Axes           | 9 12 13 14 | 14.7
Armour         | 4 9 11 12 14 15 | 15.4
Dodging        | 1 5 6 7 8 13 | 13.5
Shields        | 4 9 11 14 15 | 15.2
Fighting       | |  2.6

Action                   |  1- 3 |  4- 6 |  7- 9 | 10-12 || total
-------------------------+-------+-------+-------+-------++-------
Melee: War axe           |    19 |     7 |       |       ||    26
       Broad axe         |       |    23 |    63 |   188 ||   274
 Abil: Heal Wounds       |       |       |     1 |       ||     1
Evoke: Wand              |       |       |     5 |       ||     5
Armor: Scale mail        |    12 |     5 |       |       ||    17
       Chain mail        |       |    23 |    26 |    24 ||    73
Dodge: Dodged            |     5 |     3 |    19 |    54 ||    81
Block: Kite shield       |    10 |    14 |    42 |    87 ||   153
